 Dungeon Crawl Stone Soup version 0.25-a0-517-gf8b3a32422 (webtiles) character file.

Game seed: 15063113310266545835, levelgen mode: deterministic

45 Lugonue the Skirmisher (level 3, -1/33 HPs)
             Began as a Hill Orc Fighter on Feb 17, 2020.
             Slain by Terence
             ... wielding a +0 trident
              (6 damage)
             ... on level 2 of the Dungeon.
             The game lasted 00:01:20 (875 turns).

Lugonue the Skirmisher (Hill Orc Fighter)            Turns: 875, Time: 00:01:21

Health: -1/33      AC:  6    Str: 25    XL:     3   Next: 64%
Magic:  3/3        EV:  7    Int:  8    God:
Gold:   75         SH: 10    Dex: 11    Spells: 2/2 levels left

rFire    . . .     SeeInvis .   a - +0 war axe
rCold    . . .     Gourm    .   c - +0 kite shield
rNeg     . . .     Faith    .   b - +0 scale mail
rPois    .         Spirit   .   (no helmet)
rElec    .         Reflect  .   (no cloak)
rCorr    .         Harm     .   (no gloves)
MR       .....                  (no boots)
Stlth    ..........             (no amulet)
HPRegen  0.11/turn              g - +2 ring of strength
MPRegen  0.08/turn              (no ring)

@: mighty, lethally poisoned (-1 -> -5), very slightly contaminated
A: evolution 1, MP-powered wands
a: no special abilities


You were on level 2 of the Dungeon.
You were not hungry.

You visited 1 branch of the dungeon, and saw 2 of its levels.

You collected 75 gold pieces.

Inventory:

Hand Weapons
 a - a +0 war axe (weapon)
Armour
 b - a +0 scale mail (worn)
 c - a +0 kite shield (worn)
Jewellery
 g - a +2 ring of strength (left hand)
Scrolls
 e - 2 scrolls of teleportation {unknown}
Comestibles
 f - 2 rations


   Skills:
 + Level 4.2 Fighting
 + Level 3.6 Axes
 + Level 3.6 Armour
 + Level 0.1 Dodging
 + Level 3.6 Shields


You had 2 spell levels left.
You didn't know any spells.
Your spell library was empty.

Dungeon Overview and Level Annotations

Branches:
Dungeon (2/15)

Altars:

Annotations:
D:2 Robin, Terence


Innate Abilities, Weirdness & Mutations

You evolve.
You expend magic power (3 MP) to strengthen your wands.


Message History

Unknown command.
You closely miss the adder.
Terence hits you from afar with a +0 trident.
The adder bites you.
You are poisoned.
The adder poisons you!
Unknown command.
Your shield and scale mail prevent you from hitting the adder.
You feel sick. You block the adder's attack. Terence closely misses you.
The adder bites you but does no damage.
Terence hits you from afar with a +0 trident.
* * * LOW HITPOINT WARNING * * *
Unknown command.
You hit the adder.
The adder is heavily wounded.
* * * LOW HITPOINT WARNING * * *
You feel sick. The adder bites you but does no damage.
You block the adder's attack.
Terence hits you from afar with a +0 trident.
You die... ..........# .........# ........# ....... ..... g@g

#S# #@# #)#
#.##########
#..........#
##########.#
#.# #.# #.#
#.#


You could see Terence, Robin, an adder and a hobgoblin.

Vanquished Creatures
  An adder (D:2)
  A leopard gecko (D:1)
  A ball python (D:1)
  3 giant cockroaches (D:1)
  10 goblins
  4 hobgoblins (D:1)
  A kobold (D:1)
  4 bats (D:1)
  A frilled lizard (D:1)
  5 rats
31 creatures vanquished.

Notes
Turn   | Place    | Note
-------+----------+-------------------------------------------
     0 | D:1      | Lugonue the Hill Orc Fighter began the quest for the Orb.
     0 | D:1      | Reached XP level 1. HP: 19/19 MP: 1/1
   172 | D:1      | Reached XP level 2. HP: 19/27 MP: 2/2
   193 | D:1      | Reached skill level 4 in Fighting
   840 | D:2      | Noticed Robin
   841 | D:2      | Reached XP level 3. HP: 29/33 MP: 3/3
   847 | D:2      | Noticed Terence
   851 | D:2      | Gained mutation: You expend magic power (3 MP) to
                  | strengthen your wands. [potion of mutation]
   851 | D:2      | Gained mutation: You evolve. [potion of mutation]
   875 | D:2      | Slain by Terence

Levels and vault maps discovered:
D:1:      eino_arrival_tree_alley, layout_basic, serial_park_tiny_pond
D:2:      layout_basic, vehumet_crystals, uniq_terence, uniq_robin

Skill      XL: |  1  2 |
---------------+-------+-----
Axes           | 3 |  3.6
Fighting       | 4 |  4.2
Armour         | |  3.6
Dodging        | |  0.1
Shields        | |  3.6

Action                   || total
-------------------------++-------
Melee: War axe           ||    77
  Use: Potion            ||     4
Armor: Scale mail        ||    52
Dodge: Dodged            ||    35
Block: Kite shield       ||    73

Table legend:
 A = Non-vault XP
 B = Vault XP
 C = Vault XP percentage of total XP
 D = Non-vault monster count
 E = Vault monster count
 F = Vault count percentage of total count
                 A         B        C        D         E       F
            +---------+---------+-------+---------+---------+-------
      Total |      47 |      18 |  27.7 |      22 |       9 |  29.0
            +---------+---------+-------+---------+---------+-------
        D:1 |      33 |       0 |   0.0 |      20 |       0 |   0.0
        D:2 |      14 |      18 |  56.2 |       2 |       9 |  81.8
            +---------+---------+-------+---------+---------+-------
